A+ CENTRAL
LAKE COUNTY CAPTAINS @ FORT WAYNE TINCAPS
06/13/2042
 
TOP OF THE 1ST
Lake County Captains batting - Pitching for Fort Wayne TinCaps : LHP Jeremiah Rodríguez
Pitching: LHP Jeremiah Rodríguez
Batting: SHB Jerry Garcia 0-0: Ground out 6-3 (Groundball, 6M, EV 100.6 MPH)
Batting: RHB Randy Henderson 0-0: Fly out, F8 (Flyball, 8RM, EV 89.4 MPH)
Batting: RHB Esteban Romo 0-0: Swinging Strike
0-1: Ball
1-1: Ball
2-1: Swinging Strike
2-2: Strikes out looking
Top of the 1st over - 0 runs, 0 hits, 0 errors, 0 left on base; Lake County 0 - Fort Wayne 0
BOTTOM OF THE 1ST
Fort Wayne TinCaps batting - Pitching for Lake County Captains : RHP Tony Morán
Pitching: RHP Tony Morán
Batting: RHB Renaud Cotichini 0-0: Ground out 6-3 (Groundball, 6, EV 108.1 MPH)
Batting: RHB Mike Mack 0-0: Bunt missed!
0-1: Called Strike
0-2: Ball
1-2: Ground out 6-3 (Groundball, 56, EV 98.1 MPH)
Batting: LHB Brendan MacIver 0-0: Ground out 4-3 (Groundball, 4, EV 103.8 MPH)
Bottom of the 1st over - 0 runs, 0 hits, 0 errors, 0 left on base; Lake County 0 - Fort Wayne 0
TOP OF THE 2ND
Lake County Captains batting - Pitching for Fort Wayne TinCaps : LHP Jeremiah Rodríguez
Batting: RHB Tim Moore 0-0: Called Strike
0-1: Swinging Strike
0-2: Ball
1-2: Foul Ball, location: 2LF
1-2: Foul Ball, location: 9LDF
1-2: Strikes out swinging
Batting: LHB Joe Bryant 0-0: Ball
1-0: Swinging Strike
1-1: Ball
2-1: Called Strike
2-2: Strikes out looking
Batting: RHB Ben Clayton 0-0: Called Strike
0-1: Ball
1-1: Foul Ball, location: 2F
1-2: Strikes out swinging
Top of the 2nd over - 0 runs, 0 hits, 0 errors, 0 left on base; Lake County 0 - Fort Wayne 0
BOTTOM OF THE 2ND
Fort Wayne TinCaps batting - Pitching for Lake County Captains : RHP Tony Morán
Batting: RHB Rod Roberts 0-0: Ball
1-0: Ball
2-0: Ball
3-0: Called Strike
3-1: Base on Balls
Batting: RHB Joe King 0-0: Called Strike
0-1: Foul Ball, location: 2F
0-2: Ball
1-2: Strikes out swinging
Batting: RHB Víctor Árias 0-0: Ball
1-0: Foul Ball, location: 3DF
1-1: Ball
2-1: Called Strike
2-2: Ball
3-2: Foul Ball, location: 23FF
3-2: Base on Balls
Rod Roberts to second
Batting: RHB Sergio Bautista 0-0: Ball
1-0: Ball
2-0: Foul Ball, location: 9LSF
2-1: Ball
3-1: Called Strike
3-2: Fly out, F3 (Popup, 3SF, EV 78.1 MPH)
Batting: LHB Charlie Fritz 0-0: DOUBLE (Line Drive, 8LD, EV 106.9 MPH)
Rod Roberts scores
Víctor Árias to third
Batting: RHB António Guzmán 0-0: Called Strike
0-1: SINGLE (Line Drive, 89M, EV 94.4 MPH)
Víctor Árias scores
Charlie Fritz to third
Runner from 3rd tries for Home, SAFE, throw by RF to home
Batting: RHB Renaud Cotichini 0-0: SINGLE (Groundball, 15S, EV 69.4 MPH) (infield hit)
António Guzmán to second
Batting: RHB Mike Mack 0-0: Reached on error, E1 (Groundball, 15, EV 67.5 MPH)
António Guzmán scores
Renaud Cotichini to third
Batting: LHB Brendan MacIver 0-0: Fly out, F7 (Flyball, 7LSF, EV 86.3 MPH)
Bottom of the 2nd over - 4 runs, 3 hits, 1 error, 2 left on base; Lake County 0 - Fort Wayne 4
TOP OF THE 3RD
Lake County Captains batting - Pitching for Fort Wayne TinCaps : LHP Jeremiah Rodríguez
Batting: RHB Mike Phillips 0-0: Called Strike
0-1: Swinging Strike
0-2: Strikes out swinging
Batting: LHB Jorge López 0-0: Called Strike
0-1: Foul Ball, location: 5F
0-2: Ball
1-2: Foul Ball, location: 2F
1-2: Ball
2-2: Ground out 6-3 (Groundball, 6D, EV 96.9 MPH)
Batting: RHB Manny García 0-0: Ball
1-0: DOUBLE (Groundball, 5L, EV 106.9 MPH)
Batting: SHB Jerry Garcia 0-0: Foul Ball, location: 9LMF
0-1: Ball
1-1: SINGLE (Line Drive, 89S, EV 105.6 MPH)
Manny García to third
Batting: RHB Randy Henderson 0-0: Called Strike
0-1: Foul Ball, location: 2F
0-2: Strikes out looking
Top of the 3rd over - 0 runs, 2 hits, 0 errors, 2 left on base; Lake County 0 - Fort Wayne 4
BOTTOM OF THE 3RD
Fort Wayne TinCaps batting - Pitching for Lake County Captains : RHP Tony Morán
Batting: RHB Rod Roberts 0-0: Ball
1-0: Ball
2-0: Ball
3-0: Base on Balls
Batting: RHB Joe King 0-0: Foul Ball, location: 2RF
0-1: Grounds into double play, 5-4-3 (Groundball, 25, EV 88.8 MPH)
Batting: RHB Víctor Árias 0-0: DOUBLE (Line Drive, 78D, EV 103.8 MPH)
Batting: RHB Sergio Bautista 0-0: Ball
1-0: Swinging Strike
1-1: Ball
2-1: SINGLE (Line Drive, 89S, EV 96.9 MPH)
Víctor Árias to third
Runner from 3rd tries for Home, SAFE, throw by RF to home
Batting: LHB Charlie Fritz 0-0: Ball
1-0: Ball
2-0: Called Strike
2-1: SINGLE (Groundball, 6MD, EV 96.3 MPH)
Sergio Bautista to second
Batting: RHB António Guzmán 0-0: Called Strike
0-1: Called Strike
0-2: Foul Ball, location: 2RF
0-2: Ball
1-2: Foul Ball, location: 9LDF
1-2: Fielders Choice at 2nd, 6-4 (Groundball, 6, EV 83.8 MPH)
Bottom of the 3rd over - 1 run, 3 hits, 0 errors, 2 left on base; Lake County 0 - Fort Wayne 5
TOP OF THE 4TH
Lake County Captains batting - Pitching for Fort Wayne TinCaps : LHP Jeremiah Rodríguez
Batting: RHB Esteban Romo 0-0: Swinging Strike
0-1: Ball
1-1: Called Strike
1-2: Foul Ball, location: 2F
1-2: Strikes out swinging, 2-3 out at first.
Batting: RHB Tim Moore 0-0: Foul Ball, location: 2F
0-1: Ball
1-1: Ball
2-1: Foul Ball, location: 9LDF
2-2: Ball
3-2: SINGLE (Groundball, 56D, EV 95.6 MPH)
Batting: LHB Joe Bryant 0-0: Ball
1-0: Fly out, F7 (Flyball, 7LS, EV 90.0 MPH)
Batting: RHB Ben Clayton 0-0: Ball
1-0: Ball
2-0: Called Strike
2-1: Fielders Choice at 2nd, 6-4 (Groundball, 6, EV 92.5 MPH)
Top of the 4th over - 0 runs, 1 hit, 0 errors, 1 left on base; Lake County 0 - Fort Wayne 5
BOTTOM OF THE 4TH
Fort Wayne TinCaps batting - Pitching for Lake County Captains : RHP Tony Morán
Pitching: RHP Itze Santegoeds
Batting: RHB Renaud Cotichini 0-0: Called Strike
0-1: Ground out 4-3 (Groundball, 4M, EV 88.8 MPH)
Batting: RHB Mike Mack 0-0: Ball
1-0: Ball
2-0: Foul Ball, location: 23F
2-1: Ground out U3 (Groundball, 34S, EV 71.9 MPH)
Batting: LHB Brendan MacIver 0-0: Foul Ball, location: 2F
0-1: Swinging Strike
0-2: Foul Ball, location: 3DF
0-2: Strikes out swinging
Bottom of the 4th over - 0 runs, 0 hits, 0 errors, 0 left on base; Lake County 0 - Fort Wayne 5
TOP OF THE 5TH
Lake County Captains batting - Pitching for Fort Wayne TinCaps : LHP Jeremiah Rodríguez
Batting: RHB Mike Phillips 0-0: SINGLE (Groundball, 6, EV 86.3 MPH)
Batting: LHB Jorge López 0-0: Ball
1-0: Ball
2-0: Called Strike
2-1: Ball
3-1: Base on Balls
Mike Phillips to second
Batting: RHB Manny García 0-0: Foul Ball, location: 3FF
0-1: Ball
1-1: Called Strike
1-2: Ball
2-2: Ball
3-2: Base on Balls
Mike Phillips to third
Jorge López to second
Batting: SHB Jerry Garcia 0-0: Called Strike
0-1: Hit by Pitch
Mike Phillips scores
Jorge López to third
Manny García to second
Batting: RHB Randy Henderson 0-0: Swinging Strike
0-1: Swinging Strike
0-2: Strikes out swinging
Batting: RHB Esteban Romo 0-0: Called Strike
0-1: Grounds into fielders choice 6-2 (Groundball, 6, EV 106.3 MPH)
Manny García to third
Jerry Garcia to second
Batting: RHB Tim Moore 0-0: Ball
1-0: TRIPLE (Flyball, 89XD, EV 88.1 MPH)
Manny García scores
Jerry Garcia scores
Esteban Romo scores
Batting: LHB Joe Bryant 0-0: Called Strike
0-1: SINGLE (Groundball, 4MD, EV 98.8 MPH)
Tim Moore scores
Pitching: RHP Bob Wilhelm
Batting: RHB Ben Clayton 0-0: Swinging Strike
0-1: Ball
1-1: TRIPLE (Flyball, 9LD, EV 103.8 MPH)
Joe Bryant scores
Batting: RHB Mike Phillips 0-0: Swinging Strike
0-1: Swinging Strike
0-2: Strikes out swinging
Top of the 5th over - 6 runs, 4 hits, 0 errors, 1 left on base; Lake County 6 - Fort Wayne 5
BOTTOM OF THE 5TH
Fort Wayne TinCaps batting - Pitching for Lake County Captains : RHP Itze Santegoeds
Batting: RHB Rod Roberts 0-0: Ball
1-0: Called Strike
1-1: Ball
2-1: Ball
3-1: Base on Balls
Batting: RHB Joe King 0-0: Ball
1-0: Swinging Strike
1-1: Foul Ball, location: 7LMF
1-2: Ball
2-2: Grounds into double play, 4-6-3 (Groundball, 34, EV 84.4 MPH)
Batting: RHB Víctor Árias 0-0: Called Strike
0-1: Swinging Strike
0-2: Ball
1-2: Ball
2-2: Ball
3-2: Foul Ball, location: 5F
3-2: Foul Ball, location: 2F
3-2: Strikes out looking
Bottom of the 5th over - 0 runs, 0 hits, 0 errors, 0 left on base; Lake County 6 - Fort Wayne 5
TOP OF THE 6TH
Lake County Captains batting - Pitching for Fort Wayne TinCaps : RHP Bob Wilhelm
Batting: LHB Jorge López 0-0: Called Strike
0-1: SINGLE (Groundball, 34D, EV 100.6 MPH) (infield hit)
Batting: RHB Manny García 0-0: Ball
1-0: Sac Bunt to 13 - play at first, batter OUT! 1-3
Jorge López to second
Batting: SHB Jerry Garcia 0-0: Ball
1-0: Called Strike
1-1: SINGLE (Line Drive, 78S, EV 90.0 MPH)
Jorge López to third
Batting: RHB Randy Henderson 0-0: Ball
1-0: Called Strike
1-1: Swinging Strike
1-2: Foul Ball, location: 9LSF
1-2: Strikes out swinging
Batting: RHB Esteban Romo 0-0: Called Strike
0-1: Called Strike
0-2: Strikes out swinging
Top of the 6th over - 0 runs, 2 hits, 0 errors, 2 left on base; Lake County 6 - Fort Wayne 5
BOTTOM OF THE 6TH
Fort Wayne TinCaps batting - Pitching for Lake County Captains : RHP Itze Santegoeds
Pinch Hitting: LHB Joe McCord 0-0: Ball
1-0: Ball
2-0: Called Strike
2-1: Swinging Strike
2-2: Strikes out swinging
Batting: LHB Charlie Fritz 0-0: Ball
1-0: Fly out, F8 (Line Drive, 8LM, EV 91.3 MPH)
Pinch Hitting: RHB Mike Picot 0-0: Ball
1-0: Foul Ball, location: 2F
1-1: Swinging Strike
1-2: Foul Ball, location: 2F
1-2: Ball
2-2: Ground out 6-3 (Groundball, 56, EV 90.0 MPH)
Bottom of the 6th over - 0 runs, 0 hits, 0 errors, 0 left on base; Lake County 6 - Fort Wayne 5
TOP OF THE 7TH
Lake County Captains batting - Pitching for Fort Wayne TinCaps : RHP Bob Wilhelm
Now at 3B: Rod Roberts
Now at SS: Mike Picot
Now in RF: Joe McCord
Batting: RHB Tim Moore 0-0: Foul Ball, location: 9LDF
0-1: Ground out 6-3 (Groundball, 6, EV 86.3 MPH)
Batting: LHB Joe Bryant 0-0: Ball
1-0: Swinging Strike
1-1: Ball
2-1: Ball
3-1: Ground out 5-3 (Groundball, 5, EV 111.3 MPH)
Batting: RHB Ben Clayton 0-0: Ball
1-0: Called Strike
1-1: Foul Ball, location: 9LMF
1-2: Foul Ball, location: 2F
1-2: Ball
2-2: Strikes out swinging
Top of the 7th over - 0 runs, 0 hits, 0 errors, 0 left on base; Lake County 6 - Fort Wayne 5
BOTTOM OF THE 7TH
Fort Wayne TinCaps batting - Pitching for Lake County Captains : RHP Itze Santegoeds
Pitching: RHP Mario Pérez
Batting: RHB Renaud Cotichini 0-0: SINGLE (Line Drive, 3D, EV 99.4 MPH)
Batting: RHB Mike Mack 0-0: Called Strike
Renaud Cotichini steals 2nd base
0-1: Swinging Strike
0-2: Ground out 6-3 (Groundball, 6, EV 85.0 MPH)
Renaud Cotichini to third
Batting: LHB Brendan MacIver 0-0: Swinging Strike
0-1: Ball
1-1: Fielders Choice at home, 4-2 (Groundball, 4, EV 85.6 MPH)
Batting: RHB Rod Roberts 0-0: SINGLE (Flyball, 78S, EV 86.3 MPH)
Brendan MacIver to second
Pinch Hitting: RHB Tomás Aguilar 0-0: Ball
1-0: Fly out, F9 (Flyball, 9D, EV 76.9 MPH)
Bottom of the 7th over - 0 runs, 2 hits, 0 errors, 2 left on base; Lake County 6 - Fort Wayne 5
TOP OF THE 8TH
Lake County Captains batting - Pitching for Fort Wayne TinCaps : RHP Bob Wilhelm
Now at 1B: Dave Combs
Pinch Hitting: LHB Nate Wise 0-0: Called Strike
0-1: Ball
1-1: Swinging Strike
1-2: Ground out 6-3 (Groundball, 6, EV 89.4 MPH)
Batting: LHB Jorge López 0-0: Fly out, F9 (Flyball, 9LSF, EV 88.1 MPH)
Batting: RHB Manny García 0-0: Ball
1-0: Ball
2-0: Ball
3-0: Base on Balls
Batting: SHB Jerry Garcia 0-0: Ball
1-0: Foul Ball, location: 5FF
1-1: Ball
2-1: Swinging Strike
2-2: Foul Ball, location: 3DF
2-2: Ground out U3 (Groundball, 3, EV 82.5 MPH)
Top of the 8th over - 0 runs, 0 hits, 0 errors, 1 left on base; Lake County 6 - Fort Wayne 5
BOTTOM OF THE 8TH
Fort Wayne TinCaps batting - Pitching for Lake County Captains : RHP Mario Pérez
Now at 3B: Jim Montgomery
Batting: RHB Víctor Árias 0-0: Ball
1-0: Ball
2-0: Ball
3-0: Base on Balls
Batting: LHB Joe McCord 0-0: Ball
1-0: Ball
2-0: Ball
3-0: Base on Balls
Víctor Árias to second
Pinch Hitting: RHB Dave Gunther 0-0: Sac Bunt to 23 - play at first, batter OUT! 3-4
Víctor Árias to third
Joe McCord to second
Batting: RHB Mike Picot 0-0: Ball
1-0: Ball
2-0: Swinging Strike
2-1: Swinging Strike
2-2: Strikes out swinging
Batting: RHB Renaud Cotichini 0-0: Ground out 4-3 (Groundball, 4, EV 86.3 MPH)
Bottom of the 8th over - 0 runs, 0 hits, 0 errors, 2 left on base; Lake County 6 - Fort Wayne 5
TOP OF THE 9TH
Lake County Captains batting - Pitching for Fort Wayne TinCaps : RHP Bob Wilhelm
Now at 2B: Sean George
Pinch Hitting: LHB Ron Cotton 0-0: Ball
1-0: SINGLE (Groundball, 3D, EV 97.5 MPH)
Pitching: LHP Jimmy Jefferson
Batting: RHB Esteban Romo 0-0: Ball
1-0: Ball
Wild Pitch!
Ron Cotton to second
2-0: Ball
3-0: Called Strike
3-1: SINGLE (Groundball, 34, EV 102.5 MPH)
Ron Cotton to third
Batting: RHB Tim Moore 0-0: Ball
1-0: Fly out, F7 (Flyball, 78M, EV 94.4 MPH)
Runner from 3rd tags up, SCORES, throw by LF
Pinch Hitting: RHB Ben Smith 0-0: Called Strike
Esteban Romo steals 2nd base
0-1: Fly out, F8 (Flyball, 8LXD, EV 100.0 MPH)
Runner from 2nd tags up, SAFE at 3rd, no throw by CF
Batting: RHB Ben Clayton 0-0: Called Strike
0-1: Foul Ball, location: 5F
0-2: Ground out 6-3 (Groundball, 6D, EV 81.3 MPH)
Top of the 9th over - 1 run, 2 hits, 0 errors, 1 left on base; Lake County 7 - Fort Wayne 5
BOTTOM OF THE 9TH
Fort Wayne TinCaps batting - Pitching for Lake County Captains : RHP Mario Pérez
Pitching: RHP Bob Bonney
Now at 1B: Ben Smith
Now in LF: Ben Clayton
Now in CF: Sid Dyer
Now in RF: Ron Cotton
Batting: RHB Mike Mack 0-0: Ball
1-0: Called Strike
1-1: Ball
2-1: Ball
3-1: Base on Balls
Batting: LHB Brendan MacIver 0-0: Called Strike
0-1: Ball
1-1: Ball
2-1: Ball
3-1: Foul Ball, location: 7LSF
3-2: Foul Ball, location: 2F
3-2: Ground out 4-3 (Groundball, 4, EV 80.0 MPH)
Mike Mack to second
Batting: RHB Rod Roberts 0-0: Ball
1-0: Swinging Strike
1-1: Foul Ball, location: 25F
1-2: Foul Ball, location: 2F
1-2: Foul Ball, location: 2F
1-2: Ground out 5-3 (Groundball, 5, EV 90.6 MPH)
Batting: SHB Dave Combs 0-0: Ground out 5-3 (Groundball, 5, EV 77.5 MPH)
Bottom of the 9th over - 0 runs, 0 hits, 0 errors, 1 left on base; Lake County 7 - Fort Wayne 5
Friday, May 3rd , 2024 - OOTP Baseball 24.10 Build 82